 Dungeon Crawl Stone Soup version 0.21-a0-186-g02e8684 (webtiles) character file.

124804 Lavandula the Basher (level 17, -4/110 HPs)
             Began as a Formicid Artificer on Aug 13, 2017.
             Was a High Priest of Hepliaklqana.
             Slain by a naga warrior
             ... wielding a +0 scimitar
              (20 damage)
             ... on level 4 of the Snake Pit.
             The game lasted 02:13:59 (13770 turns).

Lavandula the Basher (Formicid Artificer)          Turns: 13770, Time: 02:14:00

Health: -4/110     AC: 18    Str: 17    XL:     17   Next: 13%
Magic:  29/29      EV: 22    Int: 19    God:    Hepliaklqana [*****.]
Gold:   973        SH:  9    Dex: 20    Spells: 20/32 levels left

rFire    . . .     SeeInvis +   q - +7 whip (elec)
rCold    + . .     Gourm    .   V - +2 buckler {reflect}
rNeg     . . .     Faith    .   X - +2 troll leather armour
rPois    +         Spirit   .   (helmet unavailable)
rElec    +         Reflect  +   (no cloak)
rCorr    .         Harm     .   v - +2 pair of gloves
MR       ++...                  j - +2 pair of boots
Stlth    +++.......             o - amulet of regeneration
HPRegen  1.08/turn              W - ring of Tecwaist {rElec rC+ MR+ Int+5 Stlth-}
MPRegen  0.21/turn              U - ring of poison resistance

@: agile, flying, constricted
A: permanent stasis, dig shafts and tunnels, four strong arms, reduced essence,
antennae 3, iridescent scales 1, rugged brown scales 1, thin metallic scales 1,
frail 1
}: 1/15 runes: decaying
a: Dig, Shaft Self, Recall Ancestor, Ancestor Identity, Transference, Idealise,
Renounce Religion


You were on level 4 of the Snake Pit.
You worshipped Hepliaklqana.
Hepliaklqana was extremely pleased with you.
You were hungry.

You visited 7 branches of the dungeon, and saw 27 of its levels.
You also visited: Ossuary.

You collected 1802 gold pieces.
You spent 829 gold pieces at shops.

Inventory:

Hand Weapons
 q - a +7 whip of electrocution (weapon)
 t - a +2 battleaxe
 D - a +1 war axe of electrocution
 I - a +0 blowgun
 Y - a +4 flail of protection
Missiles
 B - 26 tomahawks (quivered)
 J - 3 curare-tipped needles
Armour
 b - a +0 shield
 j - a +2 pair of boots (worn)
 v - a +2 pair of gloves (worn)
 P - a +2 robe of magic resistance
 V - a +2 buckler of reflection (worn)
 X - a +2 troll leather armour (worn)
Jewellery
 o - an amulet of regeneration (around neck)
 u - an uncursed ring of resist corrosion
 N - an uncursed ring of wizardry
 U - a ring of poison resistance (right hand)
 W - the ring of Tecwaist (left hand) {rElec rC+ MR+ Int+5 Stlth-}
   (You found it on level 10 of the Dungeon)

   [ring of protection from cold]

   It affects your intelligence (+5).
   It protects you from cold.
   It insulates you from electricity.
   It affects your resistance to hostile enchantments.
   It makes you less stealthy.
Wands
 c - a wand of flame (18/48)
 d - a wand of enslavement (20/24)
 e - a wand of acid (6/15)
 y - a wand of polymorph (8/24)
 H - a wand of disintegration (12/24)
 O - a wand of clouds (4/9)
 Q - a wand of confusion (24/48)
Scrolls
 a - 5 scrolls of magic mapping
 k - 4 scrolls of random uselessness {unknown}
 n - 4 scrolls of blinking {unknown}
 p - 2 scrolls of recharging
 s - 4 scrolls of amnesia
 F - a scroll of torment {unknown}
 G - a scroll of fog
 K - 3 scrolls of fear {unknown}
 T - a scroll of silence {unknown}
Potions
 h - a potion of cancellation {unknown}
 l - 3 potions of curing
 m - 3 potions of brilliance
 w - a potion of magic
 z - 2 potions of agility
 A - 2 potions of might
 C - a potion of mutation
 E - a potion of resistance {unknown}
 S - 2 potions of flight
Books
 r - a book of Ice

   Spells                             Type                      Level
   a - Ice Form                       Ice/Transmutation            4
   b - Metabolic Englaciation         Hexes/Ice                    5
   c - Ozocubu's Refrigeration        Ice                          6
   d - Bolt of Cold                   Conjuration/Ice              6
   e - Freezing Cloud                 Conjuration/Ice/Air          6
   f - Simulacrum                     Ice/Necromancy               6
 L - a book of Clouds

   Spells                             Type                      Level
   a - Poisonous Vapours              Poison/Air                   2
   b - Mephitic Cloud                 Conjuration/Poison/Air       3
   c - Conjure Flame                  Conjuration/Fire             3
   d - Freezing Cloud                 Conjuration/Ice/Air          6
   e - Ring of Flames                 Charms/Fire                  7
Comestibles
 f - 11 bread rations
 g - a meat ration
 x - 20 fruits
 Z - 4 royal jellies


   Skills:
 - Level 12.0 Fighting
   Level 1.4 Short Blades
 - Level 12.2 Maces & Flails
 - Level 4.2 Armour
 - Level 10.4 Dodging
 - Level 5.4 Stealth
 - Level 9.4 Shields
 - Level 8.0 Spellcasting
 - Level 10.0 Conjurations
 - Level 2.2 Fire Magic
 - Level 8.7 Ice Magic
 + Level 6.5 Air Magic
 - Level 4.6 Poison Magic
 - Level 7.4 Invocations
 - Level 6.1 Evocations


You had 20 spell levels left.
You knew the following spells:

 Your Spells              Type           Power        Failure   Level  Hunger
a - Mephitic Cloud        Conj/Pois/Air  ####....     1%          3    None
b - Conjure Flame         Conj/Fire      ####....     2%          3    None
c - Freezing Cloud        Conj/Ice/Air   #####.....   45%         6    ######.


Dungeon Overview and Level Annotations

Branches:
Dungeon (11/15)            Temple (1/1) D:6            Lair (4/6) D:8
  Swamp (4/4) Lair:4        Snake (4/4) Lair:2          Orc (2/2) D:9
    Elf (1/3) Orc:2

Altars:
Cheibriados
Dithmenos
Elyvilon
Fedhas
Gozag
Hepliaklqana
Kikubaaqudgha
Makhleb
Nemelex Xobeh
Qazlal
Ru
Sif Muna
Trog
Uskayaw
Vehumet
Wu Jian
Xom
Zin
The Shining One

Shops:
Orc:2 %((%*   Snake:3 (

Portals:
Trove: D:10 (give 9 potions of agility)

Annotations:
D:3 Dowan
D:9 exclusion: upstairs
D:10 Psyche


Innate Abilities, Weirdness & Mutations

You cannot be hasted, slowed, berserked, paralysed or teleported.
You can dig through walls and to a lower floor.
Your four strong arms can wield two-handed weapons with a shield.
You have a pair of large antennae on your head. (SInv)
Your life essence is reduced to manifest your ancestor. (-10% HP)
You are partially covered in iridescent scales. (AC +2)
You are partially covered in rugged brown scales. (AC +1, +3% HP)
You are partially covered in thin metallic scales. (AC +2)
You are frail. (-10% HP)


Message History

The splash of poison hits the nagaraja.
The nagaraja appears unharmed.
You block the naga warrior's attack. The naga warrior constricts you.
You feel better.
Your black mamba closely misses the nagaraja.
The guardian serpent coils itself and performs some mystic snake dance.
Your naga mage struggles to escape constriction.
Your black mamba bites the nagaraja!
The naga ritualist casts a spell at you.
You resist with almost no effort. Something hits your naga mage!
Your naga mage is constricted.
The nagaraja spits poison at you. The splash of poison hits you! You resist.
The naga warrior misses you.
The naga sharpshooter unwields an uncursed halberd.
The naga sharpshooter wields an uncursed shortbow.
The naga sharpshooter casts a spell.
The naga sharpshooter magically shoots an arrow.
You reflect the arrow off your +2 buckler of reflection!
The nagaraja hits you but does no damage.
The naga warrior hits you with a scimitar!!
You die...

.............#._P..##..{.{{..N.,,
...............P..##.NN§{.{....,,
.................##.N.{{##{{...,,
................##SSN##§{##{§N.,,
....##.........##)..##{§{(##{,.,*
....#..........#..S##§§N§N.##,,**
.............#.÷)(##.§....{.#*{,,
######.......#.NNN##.....{..#*{,,
#.#..#.........#@N.##..{...##,,**
#....#......)..##N..##....##,,,,*
.....#....).....##...##..##,.,,,,
##'.##.....########..)N.##...,,,,
.(###......# *#.##..........,,,
.(.........### *...##.........,,,
.(..###......###....##...##...,,,
..###,##.............##...#*.N,,,
..#,,,,#............#*##...#*.,,*


You could see 2 naga warriors, 3 nagarajas, a naga sharpshooter, a naga
ritualist, 2 guardian serpents, 2 nagas, a friendly black mamba and a friendly
naga mage.

Vanquished Creatures
  A thorn hunter (Swamp:3)
  A nagaraja (Snake:4)
  An ogre mage (Orc:2)
  5 naga warriors
  9 hydras
  A centaur warrior (D:9)
  5 two-headed ogres
  2 anacondas (Snake:4)
  5 alligators
  6 naga sharpshooters
  3 shock serpents
  A salamander mystic (Snake:3)
  3 swamp dragons (Swamp:4)
  An unseen horror (D:11)
  A deep troll (Orc:2)
  A shambling mangrove (Swamp:3)
  2 spriggan druids (Swamp:4)
  A lindwurm (Swamp:4)
  3 naga ritualists
  2 orc knights
  An orc sorcerer (Orc:2)
  An ugly thing (D:8)
  4 mana vipers
  2 salamanders (Snake:2)
  11 black mambas
  4 naga magi
  3 guardian serpents
  6 spiny frogs
  5 komodo dragons
  5 trolls
  2 tyrant leeches
  4 bog bodies
  2 hippogriffs
  3 hornets (Swamp:3)
  Prince Ribbit (D:9)
  5 blink frogs
  5 slime creatures
  7 redbacks (Snake:2)
  A wyvern (Lair:3)
  2 spriggans (Swamp:3)
  A yak (shapeshifter) (D:8)
  2 hungry ghosts
  A basilisk (Lair:3)
  10 vampire mosquitoes
  4 swamp worms
  2 insubstantial wisps (Swamp:2)
  21 nagas
  2 wargs
  4 water moccasins
  Duvessa (D:4)
  2 porcupines
  14 orc warriors
  10 swamp drakes
  A phantom (D:9)
  2 black bears
  2 sky beasts
  A necrophage (D:6)
  19 ogres
  The ghost of Lavandula the Charlatan, an amateur FoAr (D:3)
  4 centaurs
  3 wolves
  2 crocodiles (Lair:2)
  A big kobold (D:7)
  8 bullfrogs
  4 water moccasin zombies (Ossuary)
  A battlemage (Orc:2)
  2 scorpions
  2 killer bees
  2 wights (D:9)
  A howler monkey (D:11)
  5 crimson imps
  3 hounds
  A gnoll shaman (D:2)
  A bullfrog skeleton (D:6)
  5 orc priests
  A jelly (D:6)
  11 orc wizards
  Natasha (D:2)
  3 iguanas
  4 worker ants
  3 big kobold zombies (Ossuary)
  A hound skeleton (D:6)
  2 mummies (Ossuary)
  A worker ant zombie (D:11)
  9 gnolls
  4 adders
  A shadow imp (D:9)
  2 oozes
  5 adder zombies
  An adder skeleton (D:9)
  A dart slug (D:3)
  5 leopard geckos
  43 orcs
  5 bats
  9 giant cockroaches
  A gnoll zombie (Ossuary)
  16 goblins
  4 hobgoblins
  5 kobolds
  3 quokkas
  A ball python (D:3)
  7 frilled lizards
  5 hobgoblin zombies (Ossuary)
  3 kobold zombies (Ossuary)
  2 orc zombies (Ossuary)
  5 rats
437 creatures vanquished.

Vanquished Creatures (collateral kills)
  An ogre mage (Orc:2)
  3 hydras
  7 anacondas
  An alligator (Swamp:3)
  5 two-headed ogres (Orc:2)
  2 naga sharpshooters (Snake:3)
  4 shock serpents
  6 spriggans
  A salamander mystic (Snake:2)
  The ghost of WhatIsLove the Thaumaturge, a novice DEFE of Sif Muna (Orc:1)
  4 swamp dragons (Swamp:4)
  2 naga ritualists
  2 shambling mangroves
  2 spriggan druids
  The ghost of WhatIsLove the Thaumaturge, a novice DEFE of Elyvilon (D:8)
  6 mana vipers
  2 salamanders (Snake:2)
  A lindwurm (Swamp:4)
  2 orc sorcerers (Orc:1)
  An orc knight (Orc:1)
  2 cyclopes (Orc:2)
  An oklob plant (Snake:4)
  2 guardian serpents (Snake:4)
  7 black mambas
  4 naga magi
  6 spiny frogs
  2 komodo dragons
  4 trolls
  3 blink frogs
  5 tyrant leeches
  2 bog bodies
  5 hornets
  4 slime creatures
  4 hippogriffs
  A redback (Snake:2)
  A wraith (D:10)
  Grum (D:8)
  A basilisk (Lair:4)
  5 vampire mosquitoes
  16 nagas
  A water moccasin (Lair:2)
  3 swamp worms
  9 insubstantial wisps
  3 porcupines
  A swamp drake (Swamp:4)
  An ice beast (D:6)
  5 orc warriors
  A phantom (D:10)
  9 ogres
  3 wolves
  A crocodile (Lair:2)
  A battlemage (Swamp:4)
  A water moccasin zombie (Ossuary)
  A gnoll sergeant (D:10)
  6 killer bees
  2 wights (D:9)
  A howler monkey (D:11)
  2 hounds
  2 centaur skeletons
  2 orc priests
  4 orc wizards
  2 worker ants
  A hound skeleton (D:10)
  5 gnolls
  2 adders
  2 shadow imps
  An adder zombie (Ossuary)
  9 orcs
  A goblin (D:3)
  3 kobolds (D:7)
  A kobold zombie (Ossuary)
  An orc zombie (Ossuary)
217 creatures vanquished.

Vanquished Creatures (others)
  A ghost crab (Swamp:4)
  A naga sharpshooter (Snake:4)
  A black mamba (Snake:4)
  A slime creature (Swamp:4)
  An ice beast (D:7)
  A killer bee (D:7)
  31 battlemagi
  Robin (D:3)
  6 ancestors
  4 toadstools (Swamp:3)
48 creatures vanquished.

Grand Total: 702 creatures vanquished

Notes
Turn   | Place    | Note
-------+----------+-------------------------------------------
     0 | D:1      | Lavandula the Formicid Artificer began the quest for the Orb.
     0 | D:1      | Reached XP level 1. HP: 15/15 MP: 3/3
   154 | D:1      | Reached XP level 2. HP: 9/22 MP: 4/4
   492 | D:2      | Reached XP level 3. HP: 28/28 MP: 5/5
   502 | D:2      | Found a sacrificial altar of Ru.
   522 | D:2      | Reached skill level 1 in Maces & Flails
   572 | D:3      | Noticed Lavandula's ghost (amateur FoAr)
   663 | D:2      | Found a shimmering altar of Xom.
   724 | D:2      | Noticed Natasha
   733 | D:2      | Killed Natasha
   733 | D:2      | Reached XP level 4. HP: 24/34 MP: 6/6
   783 | D:3      | Noticed Robin
   794 | D:3      | Your ally died
   881 | D:2      | Reached XP level 5. HP: 29/39 MP: 7/7
   923 | D:3      | Killed Lavandula's ghost
   923 | D:3      | Reached XP level 6. HP: 21/46 MP: 8/8
   927 | D:3      | Found an ancient bone altar of Kikubaaqudgha.
   994 | D:3      | Found a stormy altar of Qazlal.
  1155 | D:3      | Reached skill level 5 in Maces & Flails
  1419 | D:3      | Reached XP level 7. HP: 51/51 MP: 9/9
  1541 | D:4      | Found a blossoming altar of Fedhas.
  1629 | D:4      | Noticed Duvessa
  1654 | D:4      | Noticed Dowan
  1717 | D:4      | Killed Duvessa
  1761 | D:5      | Entered Level 5 of the Dungeon
  1813 | D:6      | Found a staircase to the Ecumenical Temple.
  1819 | Temple   | Entered the Ecumenical Temple
  1870 | Temple   | Became a worshipper of Hepliaklqana the Forgotten
  1964 | D:6      | Reached XP level 8. HP: 34/51 MP: 10/10
  2093 | D:6      | Found a burning altar of Makhleb.
  2555 | D:6      | Reached * piety under Hepliaklqana
  2707 | D:7      | Found a sand-covered staircase.
  2716 | Ossuary  | Entered an ossuary
  2796 | Ossuary  | Reached XP level 9. HP: 55/55 MP: 11/11
  3056 | D:7      | Reached skill level 5 in Fighting
  3174 | D:7      | You fall through a shaft for 3 floors!
  3174 | D:10     | Entered Level 10 of the Dungeon
  3347 | D:9      | Noticed a centaur warrior
  3353 | D:9      | Killed a centaur warrior
  3353 | D:9      | Reached XP level 10. HP: 30/72 MP: 12/12
  3490 | D:9      | Found a staircase to the Orcish Mines.
  3555 | D:9      | Reached skill level 5 in Dodging
  3641 | D:9      | Gained mutation: Your flesh is heat resistant. (rF+) [mutagenic meat]
  3642 | D:9      | Gained mutation: You are weak. (Str -2) [mutagenic meat]
  3665 | D:9      | Noticed Prince Ribbit
  3680 | D:9      | Killed Prince Ribbit
  3698 | D:9      | Reached skill level 10 in Maces & Flails
  3726 | D:8      | Found a staircase to the Lair.
  3726 | D:8      | Noticed WhatIsLove's ghost (novice DEFE)
  3730 | D:9      | Noticed a two-headed ogre
  3775 | D:9      | Killed a two-headed ogre
  3819 | D:9      | Found a glowing golden altar of the Shining One.
  3843 | D:10     | Found a portal to a secret trove of treasure.
  3868 | D:10     | Learned a level 3 spell: Mephitic Cloud
  3870 | D:10     | Noticed a two-headed ogre
  3882 | D:10     | Killed a two-headed ogre
  3904 | D:10     | Noticed Psyche
  4034 | D:9      | Reached ** piety under Hepliaklqana
  4036 | D:9      | Remembered your ancestor Ealamassi as a battlemage
  4259 | D:8      | Reached XP level 11. HP: 77/78 MP: 13/13
  4299 | D:8      | Noticed Grum
  4305 | D:8      | Killed Grum
  4387 | D:8      | Found a hide-covered altar of Uskayaw.
  4466 | D:8      | Noticed a purple ugly thing
  4494 | D:8      | Killed a purple ugly thing
  4589 | D:8      | Killed WhatIsLove's ghost
  4634 | D:8      | Gained mutation: You are partially covered in rugged brown scales. (AC +1, +3% HP) [mutagenic meat]
  4635 | D:8      | Gained mutation: You are resistant to hostile enchantments. (MR+) [mutagenic meat]
  4906 | Orc:1    | Entered Level 1 of the Orcish Mines
  4909 | Orc:1    | Noticed an orc knight
  4919 | Orc:1    | Killed an orc knight
  4919 | Orc:1    | Reached skill level 1 in Conjurations
  4972 | Orc:1    | Noticed WhatIsLove's ghost (novice DEFE)
  4973 | Orc:1    | Noticed an orc sorcerer
  4997 | Orc:1    | Killed WhatIsLove's ghost
  5006 | Orc:1    | Killed an orc sorcerer
  5146 | Orc:1    | Noticed an orc sorcerer
  5166 | Orc:1    | Noticed a soul eater
  5258 | D:11     | Reached skill level 5 in Conjurations
  5287 | D:11     | Noticed an unseen horror
  5296 | D:11     | Killed an unseen horror
  5301 | D:11     | Reached XP level 12. HP: 72/87 MP: 14/14
  5434 | D:11     | Reached skill level 1 in Poison Magic
  5464 | D:11     | Reached *** piety under Hepliaklqana
  5605 | D:10     | Reached skill level 1 in Shields
  5620 | D:10     | Got an ancient lapis lazuli ring
  5621 | D:10     | Identified the ring of Tecwaist {rElec rC+ MR+ Int+5 Stlth-} (You found it on level 10 of the Dungeon)
  5876 | Orc:1    | Reached skill level 1 in Invocations
  6117 | Orc:2    | Entered Level 2 of the Orcish Mines
  6184 | Orc:2    | Learned a level 3 spell: Conjure Flame
  6209 | Orc:2    | Found a staircase to the Elven Halls.
  6216 | Orc:2    | Found Vuc Zeu's Food Shoppe.
  6250 | Orc:2    | Reached skill level 1 in Spellcasting
  6343 | Orc:2    | Noticed a two-headed ogre
  6368 | Orc:2    | Killed a two-headed ogre
  6434 | Orc:2    | Noticed a two-headed ogre
  6443 | Orc:2    | Killed a two-headed ogre
  6466 | Orc:2    | Noticed an ogre mage
  6574 | Orc:2    | Killed an ogre mage
  6586 | Orc:2    | Noticed a two-headed ogre
  6600 | Orc:2    | Killed a two-headed ogre
  6600 | Orc:2    | Reached skill level 10 in Fighting
  6600 | Orc:2    | Reached XP level 13. HP: 95/95 MP: 12/19
  6995 | Orc:2    | Noticed an ogre mage
  7004 | Orc:2    | Killed an ogre mage
  7200 | Orc:2    | Reached skill level 10 in Dodging
  7216 | Orc:2    | Found Gawalife's Food Emporium.
  7216 | Orc:2    | Reached **** piety under Hepliaklqana
  7217 | Orc:2    | Found Unogimos's Weapon Emporium.
  7222 | Orc:2    | Found Natyb's Assorted Antiques.
  7231 | Orc:2    | Found Elyerot's Antique Weapon Shoppe.
  7240 | Orc:2    | Bought a glowing flail for 104 gold pieces
  7250 | Orc:2    | Bought 3 scrolls labeled FAGGINW GOVI for 99 gold pieces
  7250 | Orc:2    | Bought a scroll labeled CAPLINWOYTIS for 33 gold pieces
  7250 | Orc:2    | Bought a scroll labeled FYTSAY SOKKATU for 33 gold pieces
  7250 | Orc:2    | Bought a scroll labeled MAN OJAFETIEJ for 33 gold pieces
  7250 | Orc:2    | Bought a pair of runed boots for 247 gold pieces
  7250 | Orc:2    | Bought an ivory wand for 132 gold pieces
  7256 | Orc:2    | Bought a shield for 148 gold pieces
  7353 | Elf:1    | Entered Level 1 of the Elven Halls
  7456 | Lair:1   | Entered Level 1 of the Lair of Beasts
  7566 | Lair:2   | Reached skill level 5 in Shields
  7921 | Lair:2   | Found a staircase to the Snake Pit.
  8222 | Lair:3   | Reached XP level 14. HP: 73/103 MP: 20/20
  8237 | Lair:3   | Reached ***** piety under Hepliaklqana
  8456 | Lair:4   | Reached skill level 5 in Invocations
  8599 | Lair:4   | Found a staircase to the Swamp.
  8605 | Swamp:1  | Entered Level 1 of the Swamp
  8834 | Swamp:1  | Reached skill level 5 in Evocations
  9246 | Swamp:3  | Reached skill level 1 in Armour
  9261 | Swamp:3  | Noticed a thorn hunter
  9282 | Swamp:3  | Killed a thorn hunter
  9629 | Swamp:3  | Reached skill level 5 in Stealth
  9629 | Swamp:3  | Reached XP level 15. HP: 79/111 MP: 18/21
  9637 | Swamp:3  | Learned a level 6 spell: Freezing Cloud
  9753 | Swamp:4  | Entered Level 4 of the Swamp
  9998 | Swamp:4  | Reached skill level 5 in Air Magic
 10184 | Swamp:4  | Reached skill level 1 in Ice Magic
 10378 | Swamp:4  | Reached skill level 5 in Ice Magic
 10750 | Swamp:4  | Got a decaying rune of Zot
 11066 | Snake:1  | Entered Level 1 of the Snake Pit
 11566 | Snake:2  | Reached XP level 16. HP: 118/118 MP: 22/22
 11964 | Snake:3  | Found Xuontemn's Weapon Shoppe.
 13060 | Snake:3  | Reached skill level 10 in Conjurations
 13099 | Snake:4  | Entered Level 4 of the Snake Pit
 13196 | Snake:4  | Reached skill level 5 in Spellcasting
 13275 | Snake:4  | Found an opulent altar of Gozag.
 13492 | Snake:4  | Reached XP level 17. HP: 80/123 MP: 8/27
 13750 | Snake:4  | Lost mutation: You are resistant to hostile enchantments. (MR+) [potion of mutation]
 13750 | Snake:4  | Lost mutation: You are weak. (Str -2) [potion of mutation]
 13750 | Snake:4  | Lost mutation: Your flesh is heat resistant. (rF+) [potion of mutation]
 13750 | Snake:4  | Gained mutation: You are frail. (-10% HP) [potion of mutation]
 13750 | Snake:4  | Gained mutation: You are partially covered in iridescent scales. (AC +2) [potion of mutation]
 13750 | Snake:4  | Gained mutation: You are partially covered in thin metallic scales. (AC +2) [potion of mutation]
 13770 | Snake:4  | Slain by a naga warrior

Vault maps used:
D:1:      minmay_arrival_glassed_features
D:2:      lemuel_crystal_altar, nicolae_ru_path_of_blood, first_bread,
          uniq_natasha
D:3:      kiku_gazebo_garden_becter, nicolae_overflow_hidden_temple,
          minivault_19, minmay_strange_pillars, uniq_robin
D:4:      overflow_temple_1_default, serial_shops, shop, dk_vineyard_2,
          grunt_gozag_statues, uniq_duvessa, uniq_blork_the_orc
D:5:      nemelex_dance_club_becter
D:6:      makhleb_blood_cavern_becter, temple_green, minmay_misc_feat_square
D:7:      ashenzari_altar_1, kennysheep_okawaru_gauntlet,
          nicolae_ossuary_entry_false_entrances
D:8:      minmay_cornered_nines, lemuel_doored_altar, lair_entry_dummy,
          uniq_grum
D:9:      tso_altar, kennysheep_little_box, orc_0_dummy,
          hangedman_abyss_or_decor_jellyfish_corner, uniq_prince_ribbit1
D:10:     nicolae_trove_entry_free_sample, uniq_psyche
Temple:   zaba_magenta_temple
Lair:1:   uniq_harold
Lair:2:   guppyfry_snake_entry_island
Lair:4:   minmay_swamp_entry_worms
Swamp:1:  nicolae_swamp_trees_clearing, swamp_pool3, infiniplex_staircase_pool
Swamp:2:  hangedman_swamp_ruin_hall, swamp_pool1
Swamp:3:  cheibrodos_swamp_tower_of_moss, hangedman_swamp_blocks, swamp_pool1
Swamp:4:  swamp_alternative
Snake:2:  spider_trap
Snake:3:  serial_shops, shop, grunt_ministairs_15
Snake:4:  johnstein_snake_rune_scales, serial_shops,
          nicolae_shop_overgrown_old_shop, lemuel_oklob_altar
Orc:2:    st_orc_open, serial_shops, shop_statue
Elf:1:    eino_elf_arrival_altar, hangedman_elven_crosses_minicolossus,
          st_stairs_11, uniq_aizul
Ossuary:  ossuary_tomb_2

Skill      XL: |  1  2  3  4  5  6  7  8  9 10 11 12 13 14 15 16 17 |
---------------+----------------------------------------------------+-----
Fighting       | 2 7 8 10 12 | 12.0
Maces & Flails | 2 3 4 6 7 9 11 12 | 12.2
Dodging        | 2 4 5 7 10 | 10.4
Conjurations   | 5 10 | 10.0
Air Magic      | 2 6 |  6.5
Poison Magic   | 4 |  4.6
Shields        | 4 8 9 |  9.4
Invocations    | 3 7 |  7.4
Evocations     | 4 6 |  6.1
Spellcasting   | 4 7 8 |  8.0
Fire Magic     | 2 |  2.2
Stealth        | 5 |  5.4
Armour         | 4 |  4.2
Ice Magic      | 8 |  8.7
Short Blades   | |  1.4

Action                   |  1- 3 |  4- 6 |  7- 9 | 10-12 | 13-15 | 16-18 || total
-------------------------+-------+-------+-------+-------+-------+-------++-------
Melee: Short sword       |    61 |       |       |       |       |       ||    61
       Whip              |    41 |   177 |   267 |   401 |   740 |   329 ||  1955
       Flail             |       |       |     5 |       |       |       ||     5
       War axe           |       |       |       |     7 |     5 |       ||    12
       Battleaxe         |       |       |       |       |     8 |       ||     8
 Fire: Blowgun           |       |       |       |     5 |       |       ||     5
Throw: Tomahawk          |       |       |       |     9 |     7 |     1 ||    17
       Throwing net      |       |       |       |     1 |       |       ||     1
 Cast: Mephitic Cloud    |       |       |       |    13 |    29 |    14 ||    56
       Conjure Flame     |       |       |       |       |     1 |     4 ||     5
       Freezing Cloud    |       |       |       |       |       |    12 ||    12
Invok: Recall Ancestor   |       |       |     1 |     8 |     4 |     4 ||    17
       Ancestor Life: Ba |       |       |       |     1 |       |       ||     1
       Idealise          |       |       |       |       |     4 |       ||     4
       Transference      |       |       |       |       |     3 |     1 ||     4
 Abil: Dig               |     1 |     6 |     8 |    23 |     5 |     2 ||    45
       Shaft Self        |       |       |     1 |       |       |       ||     1
Evoke: Wand              |     4 |     6 |    17 |    13 |    27 |     2 ||    69
       Box of beasts     |       |       |       |       |     1 |       ||     1
  Use: Scroll            |       |       |     8 |     2 |    14 |     8 ||    32
       Potion            |       |       |     1 |       |    13 |     4 ||    18
 Stab: Sleeping          |     3 |       |     2 |     3 |       |       ||     8
       Distracted        |       |       |     2 |     6 |    12 |     4 ||    24
       Confused          |       |       |       |     6 |     9 |     2 ||    17
       Invisible         |       |       |       |       |     6 |       ||     6
  Eat: Chunk             |       |     3 |     6 |    21 |    10 |    10 ||    50
       Meat ration       |       |       |       |       |     2 |       ||     2
       Royal jelly       |       |       |       |       |       |     3 ||     3
Armor: Leather armour    |    31 |    24 |    29 |     9 |       |       ||    93
       Robe              |       |       |       |    14 |    18 |       ||    32
       Troll leather arm |       |       |       |       |   103 |    49 ||   152
Dodge: Dodged            |    59 |    83 |    92 |   148 |   390 |   158 ||   930
Block: Buckler           |       |       |       |    13 |   195 |   113 ||   321
       Reflection        |       |       |       |     2 |     2 |    21 ||    25
